[Event "Torneo Nuevo Centro. Jornada 11"]
[Site "Chess.com"]
[Date "2020.08.28"]
[Round "6"]
[White "Rodriguez Rodriguez, Joan David "]
[Black "Conon, Catalin"]
[Result "0-1"]
[WhiteElo "1783"]
[BlackElo "1920"]
[TimeControl "180+2"]
[EndTime "11:32:58 PDT"]
[Termination "Victoria de CatalinConon por tiempo"]

1. d4 Nf6 2. c4 g6 3. Nc3 Bg7 4.
e4 d6 5. Nf3 O-O 6. Be2 e5 7.
dxe5 dxe5 8. Qxd8 Rxd8 9. Bg5 Re8 10. O-O c6 11. Rfe1 Nbd7 12. b4 b6 13. Rad1 Bb7 14. a4 Rad8 15. h3 c5 16. b5 h5 17.
Nd5 Bxd5 18. cxd5 Rc8 19. Nd2 Kh7 20. Nc4 Nxe4 21. Be3 f5 22. f3 Nc3 23. Rc1 Nxe2+ 24. Rxe2 Rcd8 25. Bg5 Nf6 26. Nxe5 Rxd5 27. f4 Ne4 28.
Nc6 Bd4+ 29. Kh2 Rd7 30. Rce1 Kg7 31. Rd1 Rf8 32. Be7 Rf7 33. Bg5 Nxg5 34. fxg5 f4 0

[Event "Torneo Nuevo Centro. Jornada 11"]
[Site "Chess.com"]
[Date "2020.08.28"]
[Round "6"]
[White "Rabbani Perez, Oumaima "]
[Black "Méndez Giménez , Néstor Emmanuel"]
[Result "0-1"]
[WhiteElo "724"]
[BlackElo "1240"]
[TimeControl "180+2"]
[EndTime "11:33:14 PDT"]
[Termination "Victoria de NestorMendez8 por jaque mate"]

1. e3 e6 2. Nc3 d5 3. d4 Nc6 4. Nf3 Nf6 5. Ng5 Bb4 6. Bd2 O-O 7.
Bb5 Bd7 8. O-O a6 9. Ba4 Ne4 10.
Ncxe4 dxe4 11. Bxb4 Nxb4 12. Bxd7 Qxg5 13. Ba4 b5 14.
Bb3 Nd5 15. Bxd5 exd5 16. f3 exf3 17. Rxf3 Rfe8 18. g3 Rxe3 19. h4 Qh6 20. Rxe3 Qxe3+ 21. Kg2 Qe4+ 22. Kf2 Qf5+ 23. Qf3 Qxc2+ 24. Qe2 Qc4 25. Qe7 Qxd4+ 26. Qe3 Qxb2+ 27. Qe2 Qxa1 28. g4 Qf6+ 29. Kg3 g6 30. h5 gxh5 31. gxh5 Qc3+ 32. Qf3 Qxf3+ 33.
Kxf3 Re8 34. Kg4 d4 35. Kf3 d3 36. Kf2 d2 37. Kg3 d1=N 38. Kf3 c5 39. Kg3 c4 40. a4 bxa4 41. h6 c3 42. Kg4 c2 43. Kg5 c1=B+ 44. Kh5 Re5+ 45. Kg4 Nf2+ 46. Kf3 Rf5+ 47. Ke2 a3 48. Kf1 a2 49. Kg2 a1=Q 50. Kg3 Qc3+ 51. Kh4 Qh3# 0

[Event "Torneo Nuevo Centro. Jornada 11"]
[Site "Chess.com"]
[Date "2020.08.28"]
[Round "6"]
[White "Fernández Martin, Carlos"]
[Black "Bosch Jordà, Ricard"]
[Result "1-0"]
[WhiteElo "1784"]
[BlackElo "1907"]
[TimeControl "180+2"]
[EndTime "11:33:17 PDT"]
[Termination "Victoria de Pistachomortal por jaque mate"]

1. e4 c5 2. Nc3 Nc6 3. g3 g6 4. Bg2 Bg7 5. d3 e6 6. Nh3 Nge7 7. O-O O-O 8. Bg5 h6 9. Be3 b6 10. f4 d5 11. Ne2 Bb7 12. e5 Nf5 13. Bf2 Qe7 14. c3 d4 15. g4 Ne3 16. Bxe3 dxe3 17. Qc1 Rad8 18. Qxe3 Na5 19. Nf2 Bxg2 20. Kxg2 Nc6 21.
Ne4 Kh7 22. g5 h5 23. Rad1 Qb7 24. Kg1 Ne7 25. N2g3 h4 26. Ne2 Nf5 27. Qh3 Rh8 28. Rf2 Kg8 29. Rg2 c4 30. Nf6+ Kf8 31.
d4 Qa6 32. a3 Qb5 33. Nc1 Qc6 34. Na2 a5 35. Nc1 b5 36. Re2 b4 37. axb4 axb4 38.
cxb4 Nxd4 39. Red2 Nf3+ 40. Qxf3 Qxf3 41. Rxd8+ Ke7 42.
R1d7# 1

[Event "Torneo Nuevo Centro. Jornada 11"]
[Site "Chess.com"]
[Date "2020.08.28"]
[Round "6"]
[White "Bercaru, Vlad Ionut"]
[Black "Perez Garcia, Jose Miguel"]
[Result "0-1"]
[WhiteElo "1740"]
[BlackElo "2030"]
[TimeControl "180+2"]
[EndTime "11:33:20 PDT"]
[Termination "Victoria de PEREZOV69 por abandono"]

1. c4 Nf6 2. Nc3 e6 3. e4 d6 4. d4 Nbd7 5. Nf3 e5 6. dxe5 dxe5 7. Bg5 Bb4 8. Rc1 O-O 9. a3 Bxc3+ 10. Rxc3 h6 11. Bxf6 Qxf6 12. b4 Nb6 13. c5 Nd7 14. Bb5 c6 15. Bc4 Rd8 16. Rd3 a5 17. Rd6 Qe7 18.
O-O axb4 19. axb4 b6 20. Qd3 bxc5 21. bxc5 Ra7 22. Rd1 Rc7 23. Qc3 Bb7 24. Nxe5 Nxe5 25. Rxd8+ Kh7 26. Bb3 Rd7 27. R8xd7 Nxd7 28. Bc2 Qxc5 29.
e5+ g6 30. Qb3 Nxe5 31. Qxb7 Qxc2 32. Qb1 Qxb1 33. Rxb1 Kg7 34. Rc1 g5 35. g3 g4 36.
Kg2 h5 37. h3 f5 38. Rc5 Kf6 39. hxg4 hxg4 40. Kf1 Ke6 41. Ke2 Kd6 42. Rc2 c5 43.
Rd2+ Ke6 44. Rc2 Kd6 45. Ke3 Ng6 46. Rd2+ Ke5 47. Rc2 Kd5 48. Rd2+ Kc4 49. Rd6 Ne5 50.
Kf4 Nd3+ 51. Kxf5 Nxf2 52. Rf6 Kd3 53. Kg5 Ne4+ 54. Kxg4 Nxf6+ 55. Kf5 Ne4 56. g4 c4 57. g5 Nxg5 58. Kxg5 c3 0

[Event "Torneo Nuevo Centro. Jornada 11"]
[Site "Chess.com"]
[Date "2020.08.28"]
[Round "6"]
[White "Yuste Valenzuela, Alejandro"]
[Black "Birnoveanu, Petru"]
[Result "1-0"]
[WhiteElo "1884"]
[BlackElo "1712"]
[TimeControl "180+2"]
[EndTime "11:33:32 PDT"]
[Termination "Victoria de alejandrito290 por tiempo"]

1. e4 Nc6 2. Nf3 e5 3. d4 exd4 4. Bc4 Bc5 5. c3 Qf6 6. O-O d6 7. Bb5 Bg4 8. Bxc6+ bxc6 9. cxd4 Bxf3 10. Qxf3 Qxf3 11.
gxf3 Bxd4 12. Nc3 Bxc3 13. bxc3 Ne7 14. Be3 Kd7 15. Rab1 a5 16. a4 c5 17. Rb5 Rhb8 18.
Rfb1 Rxb5 19. Rxb5 Nc6 20. f4 Rb8 21. Rxb8 Nxb8 22. Kf1 g6 23. Ke2 f5 24. f3 Nc6 25.
Kd3 Nd8 26. Bd2 Kc6 27. Kc4 Nf7 28. h4 h5 29. Be3 Nd8 30. Bd2 Ne6 31. Be3 Nf8 32.
Bd2 Nd7 33. Be3 Nb6+ 34. Kb3 Kd7 35. Bd2 c6 36. Be3 Ke6 37. Bf2 fxe4 38. fxe4 Nd7 39. Kc4 Nf6 40. Kd3 Ng4 41. Bg1 d5 42. Bxc5 1

[Event "Torneo Nuevo Centro. Jornada 11"]
[Site "Chess.com"]
[Date "2020.08.28"]
[Round "6"]
[White "Grigorev, Artur "]
[Black "Gutierrez Lacambra, Jose Antonio"]
[Result "0-1"]
[WhiteElo "915"]
[BlackElo "1366"]
[TimeControl "180+2"]
[EndTime "11:33:37 PDT"]
[Termination "Victoria de sygm2012 por tiempo"]

1. e4 b6 2. d4 Bb7 3. Nc3 g6 4.
Nf3 Bg7 5. Bc4 e6 6. Bf4 d6 7. O-O Ne7 8. b4 O-O 9. Rb1 f5 10. e5 dxe5 11. dxe5 Nd5 12. Nxd5 Bxd5 13. Bxd5 Qxd5 14.
Qxd5 exd5 15. Rbd1 c6 16. a4 Na6 17. b5 cxb5 18.
axb5 Nb4 19. c3 Na2 20. Rxd5 Nxc3 21. Rd3 Nxb5 22. Ng5 Rfe8 23. Rh3 h6 24. Nf3 g5 25. Bd2 g4 26. Rg3 gxf3 27. Bxh6 Re7 28. gxf3 Kh7 29. Bf4 Rae8 30. Rh3+ Kg8 31. Rd1 Bxe5 32. Bg5 Rh7 33. Rxh7 Kxh7 34. Rd7+ Kg6 35. Be3 Bxh2+ 36. Kxh2 Nc3 37.
Rxa7 Rh8+ 38. Kg1 Ne2+ 39. Kg2 Nc3 40. Bxb6 Nd5 41. Bd4 Nf4+ 42. Kg3 Rh3+ 0

[Event "Torneo Nuevo Centro. Jornada 11"]
[Site "Chess.com"]
[Date "2020.08.28"]
[Round "6"]
[White "Garcia, Jhoel"]
[Black "Martin Ayala, David"]
[Result "1-0"]
[WhiteElo "2381"]
[BlackElo "1886"]
[TimeControl "180+2"]
[EndTime "11:33:56 PDT"]
[Termination "Victoria de shoels por tiempo"]

1. g3 g6 2. Bg2 Bg7 3. Nf3 c6 4.
O-O d6 5. d4 Nf6 6. c4 O-O 7.
Nc3 Re8 8. e4 Bg4 9. Qb3 Bxf3 10. Bxf3 Qd7 11. e5 Ng4 12. e6 Qxe6 13. Qxb7 Nd7 14. Bxc6 Rad8 15. Bg5 Bxd4 16. Rae1 Bxf2+ 17. Kg2 Bxe1 18. Bd5 Ne3+ 19. Bxe3 Qxe3 20. Bxf7+ Kf8 21. Bxg6+ Nf6 22. Rxf6+ Kg7 23. Bxe8 Rxe8 24. Rf3 Qd2+ 25. Kh1 Bf2 26. Qe4 Qe1+ 27. Qxe1 Bxe1 28. Ne4 Ba5 29.
a3 Rc8 30. b3 Bb6 31. h4 Bd4 32. Ng5 Be5 33. Rf7+ Kg6 34. Rxe7 Rb8 35. b4 Kf5 36. Nf7 Bxg3 37. h5 Kg4 38. Kg2 Bf4 39. Re4 Kf5 40. Rd4 Rg8+ 41. Kf2 Re8 42. Nxd6+ Bxd6 43. Rxd6 Kg5 44. Rd5+ Kf4 45. c5 Re4 46. c6 Rc4 47. Rc5 Rd4 48. c7 Rd2+ 49. Ke1 Rh2 50. c8=Q Ke3 51.
Re5+ 1

[Event "Torneo Nuevo Centro. Jornada 11"]
[Site "Chess.com"]
[Date "2020.08.28"]
[Round "6"]
[White "Sos Andreu, Eric"]
[Black "Escalona Moncholi, Felix"]
[Result "1-0"]
[WhiteElo "2515"]
[BlackElo "2111"]
[TimeControl "180+2"]
[EndTime "11:34:03 PDT"]
[Termination "Victoria de ericovski por abandono"]

1. d4 d5 2. c4 dxc4 3. e3 Nf6 4. Bxc4 c5 5. Nf3 e6 6. O-O a6 7. dxc5 Bxc5 8. Qxd8+ Kxd8 9. b3 Ke7 10. Bb2 Nbd7 11. Rd1 b5 12. Be2 Bb7 13. Nbd2 Rac8 14. a4 b4 15. Nc4 Bd5 16. Rac1 h6 17. Ncd2 Bb7 18.
Nc4 Bd5 19. Nfd2 Rhd8 20. h3 g5 21. Bf1 Ne4 22. Nxe4 Bxe4 23. Nd2 Bb7 24. Be2 Nf6 25. Nc4 Nd7 26. Na5 Bd5 27. Bxa6 Ra8 28. Rxd5 exd5 29. Nc6+ Ke8 30. Bb7 Rac8 31. Nxd8 Rxd8 32. Bc6 Bb6 33. Bxd5 Ke7 34. Bc4 Nc5 35. Bd4 f5 36. a5 Ba7 37.
Bf1 Rc8 38. a6 Kd6 39. Bxc5+ Bxc5 40. Rd1+ Kc7 41. Bc4 Rd8 42. Rxd8 Kxd8 43. g4 fxg4 44. hxg4 Ke7 45. Kg2 Kd6 46. Kf3 Ke5 47. Kg3 Ke4 48.
Kg2 Ba7 49. Kf1 Bb6 50. Ke2 Ba7 51. f3+ Ke5 52. Kd3 Bb6 53. Bb5 Ba7 54. Bc6 Bb6 55. e4 Kf4 56. Kc4 Kxf3 57. e5+ Kxg4 58. e6 h5 59. e7 1

[Event "Torneo Nuevo Centro. Jornada 11"]
[Site "Chess.com"]
[Date "2020.08.28"]
[Round "6"]
[White "Conejero Martínez, Víctor"]
[Black "Bascuñana Sánchez, Pablo"]
[Result "0-1"]
[WhiteElo "1367"]
[BlackElo "1675"]
[TimeControl "180+2"]
[EndTime "11:34:21 PDT"]
[Termination "Victoria de Pabasan2010 por tiempo"]

1. d4 Nf6 2. c4 g6 3. Nc3 Bg7 4. e3 d6 5. Bd3 O-O 6. Bd2 c5 7.
Qc1 cxd4 8. exd4 Nc6 9. Nf3 Bg4 10. d5 Bxf3 11. gxf3 Ne5 12. Be2 Rc8 13. b3 e6 14.
dxe6 fxe6 15. Bh6 Bxh6 16. Qxh6 Qa5 17. Kd2 b5 18. f4 Nf7 19. Qh3 bxc4 20. Bxc4 d5 21.
Qh4 Ne4+ 22. Ke3 Qxc3+ 23. Bd3 Qd2+ 24. Kd4 Qxf2+ 25. Qxf2 Nxf2 26. Rhg1 Nxd3 27. Kxd3 Nd6 28. h4 Ne4 29. h5 Rc3+ 30. Kd4 Rxf4 31. hxg6 hxg6 32. Rxg6+ Kf7 33. Rh6 Rc8 34. Rh7+ Kf6 35. Rxa7 Nf2+ 36. Ke3 Rf5 37. Rf1 Ng4+ 38. Ke2 Rxf1 39.
Kxf1 Ke5 40. Ke2 d4 41. Kd3 Nf2+ 42. Ke2 Ne4 43. Ra6 Nc3+ 44. Kd3 Rd8 45. Ra5+ Kf4 46. b4 e5 47. a3 e4+ 48. Kc4 e3 49. Kd3 e2 50.
Kd2 Re8 51. Ke1 Ne4 52. Ra7 d3 53. Rf7+ Ke3 0

[Event "Torneo Nuevo Centro. Jornada 11"]
[Site "Chess.com"]
[Date "2020.08.28"]
[Round "6"]
[White "Cayon Pelaez, Pablo"]
[Black "Kovacevic, Slobodan"]
[Result "1-0"]
[WhiteElo "1798"]
[BlackElo "2224"]
[TimeControl "180+2"]
[EndTime "11:35:30 PDT"]
[Termination "Victoria de Ataquedefinitivo por abandono"]

1. d4 Nf6 2. c4 e6 3. Nc3 c5 4. d5 d6 5. e4 exd5 6. cxd5 g6 7. f4 Bg7 8. Nf3 O-O 9. Bd3 Bg4 10. O-O Nbd7 11. h3 Bxf3 12. Qxf3 a6 13. a4 Re8 14. Re1 Qc7 15. Bd2 c4 16. Bc2 Qb6+ 17. Qf2 Qxb2 18. Ra2 Qb6 19. Qxb6 Nxb6 20. Rb2 Nbd7 21. Rxb7 Reb8 22.
Reb1 Rxb7 23. Rxb7 Nc5 24. Rb6 Ne8 25. Be3 Bxc3 26.
e5 Nd3 27. exd6 Rd8 28. Rc6 Nxd6 29. Bxd3 cxd3 30. Rxc3 d2 31. Bxd2 Ne4 32. Rd3 Kf8 33. Rd4 Nd6 34. Bb4 Ke7 35. Kf2 Rb8 36. Ke3 Kd7 37.
Bxd6 Kxd6 38. Ke4 Rb3 39. f5 a5 40. fxg6 hxg6 41. Kf4 f6 42. h4 Kc5 43. Rd1 Rb4+ 44. Kf3 Kd6 45. g4 Rxa4 46. Kg3 Rb4 47. h5 g5 48. h6 Rb7 49. Rf1 Kxd5 50. Rxf6 Ra7 51.
Rg6 Ke5 52. Rxg5+ Ke4 53. Rh5 Rh7 54. Rxa5 Rxh6 55. g5 Rh1 56. Kg4 Rg1+ 57. Kh5 Rh1+ 58. Kg6 Kf4 59. Kf6 Rb1 60. g6 Rb6+ 61. Kg7 Rb7+ 62. Kh8 Rb8+ 63. Kh7 Rb2 64. g7 Rh2+ 65. Kg6 Rf2 66. g8=Q Rg2+ 67. Kf7 Rf2 68. Qb8+ Ke4+ 69. Ke7 Re2 70. Re5+ Kf3 71. Rxe2 Kxe2 72. Qb3 Kd2 73. Ke6 Ke2 74. Qc3 Kf2 75. Qd3 Kg2 76. Qe3 Kh2 77.
Qf3 Kg1 78. Qe2 Kh1 79. Kf5 Kg1 80. Kf4 Kh1 81. Kf3 1

[Event "Torneo Nuevo Centro. Jornada 11"]
[Site "Chess.com"]
[Date "2020.08.28"]
[Round "7"]
[White "Pedros Viudes, Santiago"]
[Black "Miranda Calvo, Max Rodrigo"]
[Result "1-0"]
[WhiteElo "1895"]
[BlackElo "1299"]
[TimeControl "180+2"]
[EndTime "11:38:16 PDT"]
[Termination "Victoria de ElGatoKamsky por abandono"]

1. d4 d5 2. Nf3 e6 3. Bf4 Bd6 4.
Bg3 Bxg3 5. hxg3 Ne7 6. e3 c6 7. Bd3 f5 8. g4 O-O 9. gxf5 Nxf5 10. g4 Ne7 11. Bxh7+ Kf7 12. Ne5+ Ke8 13. g5 Nd7 14.
Qh5+ g6 15. Bxg6+ Nxg6 16. Qxg6+ Ke7 17. Rh7+ Kd6 18. Nf7+ Rxf7 19. Rxf7 1

[Event "Torneo Nuevo Centro. Jornada 11"]
[Site "Chess.com"]
[Date "2020.08.28"]
[Round "7"]
[White "Hernández Tomás, Efrén"]
[Black "Beneyto de Ramon, Guillermo"]
[Result "0-1"]
[WhiteElo "1127"]
[BlackElo "1652"]
[TimeControl "180+2"]
[EndTime "11:38:34 PDT"]
[Termination "Victoria de GUILLETE por abandono"]

1. e4 Nf6 2. e5 Nd5 3. Qf3 e6 4. Bc4 Nb6 5. Bd3 Nc6 6. Nc3 Nxe5 7. Qf4 Nxd3+ 8. cxd3 Bd6 9. Qg4 O-O 10. d4 Qf6 11. d3 c5 12. dxc5 Bxc5 13. Bg5 Qxf2+ 14. Kd1 d5 15. Bh6 Qf6 16. Bg5 Qg6 17. Nf3 e5 18.
Nxe5 Bxg4+ 19. Nxg4 Qxg5 0

[Event "Torneo Nuevo Centro. Jornada 11"]
[Site "Chess.com"]
[Date "2020.08.28"]
[Round "7"]
[White "Más Ripoll, Vicente"]
[Black "Fitzpatrick Dimas, Kevin"]
[Result "1-0"]
[WhiteElo "1075"]
[BlackElo "834"]
[TimeControl "180+2"]
[EndTime "11:38:59 PDT"]
[Termination "Victoria de menut por abandono"]

1. e4 e5 2. Nf3 Bc5 3. Bc4 Nc6 4. d3 Nf6 5. a3 d6 6. b4 Bb6 7. h3 O-O 8. Bg5 h6 9. Bh4 Re8 10. Nc3 Be6 11. Bxe6 Rxe6 12. Nh2 Nd4 13. Ng4 Qf8 14. Nxf6+ gxf6 15. Nd5 Kg7 16. Qg4+ 1

[Event "Torneo Nuevo Centro. Jornada 11"]
[Site "Chess.com"]
[Date "2020.08.28"]
[Round "7"]
[White "Perez Garcia, Jose Miguel"]
[Black "Martínez Escandell, Alfonso"]
[Result "1-0"]
[WhiteElo "2035"]
[BlackElo "1905"]
[TimeControl "180+2"]
[EndTime "11:39:26 PDT"]
[Termination "Victoria de PEREZOV69 por jaque mate"]

1. e4 c5 2. Nf3 e6 3. d4 cxd4 4.
Nxd4 Bc5 5. Nb5 Nf6 6. Nd6+ Bxd6 7. Qxd6 Nxe4 8. Qd4 Nf6 9. Bg5 Nc6 10. Qh4 h6 11. Nc3 O-O 12. Bxh6 gxh6 13. Qxh6 Nh7 14. Bd3 f5 15. h4 Ne5 16. O-O-O Nxd3+ 17. Rxd3 Qf6 18. Rg3+ Kh8 19. Rg6 Qf7 20. h5 Qe8 21. Qg7# 1

[Event "Torneo Nuevo Centro. Jornada 11"]
[Site "Chess.com"]
[Date "2020.08.28"]
[Round "7"]
[White "Grigorev, Artur "]
[Black "Alvarez Usina, Joan"]
[Result "1-0"]
[WhiteElo "917"]
[BlackElo "356"]
[TimeControl "180+2"]
[EndTime "11:39:53 PDT"]
[Termination "Victoria de Arturiog por jaque mate"]

1. e4 e5 2. Nf3 Nc6 3. Bc4 Nf6 4. Nc3 d6 5. Ng5 Be6 6. Bxe6 fxe6 7. Nxe6 Qe7 8. Nxf8 Rxf8 9. O-O Nh5 10. Qxh5+ g6 11. Qh3 Nd4 12. d3 Nxc2 13. Rb1 Nd4 14. Be3 Ne6 15.
Rbd1 c6 16. d4 exd4 17. Bxd4 Nxd4 18. Rxd4 c5 19. Rdd1 Qd7 20. Nd5 Qd8 21. Qe6+ Qe7 22. Qxe7# 1

[Event "Torneo Nuevo Centro. Jornada 11"]
[Site "Chess.com"]
[Date "2020.08.28"]
[Round "7"]
[White "Chofre Murcia, Adrián"]
[Black "Sampedro Roig, Josep Francesc"]
[Result "0-1"]
[WhiteElo "1628"]
[BlackElo "1845"]
[TimeControl "180+2"]
[EndTime "11:40:12 PDT"]
[Termination "Victoria de Abrekurios por abandono"]

1. e4 Nf6 2. Nc3 d5 3. e5 Nfd7 4. d4 c5 5. Nf3 e6 6. Bb5 Nc6 7. Bg5 Qb6 8. Bxc6 bxc6 9. b3 cxd4 10. Qxd4 Bc5 11. Qd2 Bb4 12. O-O Qc5 13. Na4 Bxd2 14.
Nxc5 Bxg5 15. Nxd7 Be7 16. c4 Bxd7 17. cxd5 cxd5 18.
Rac1 Rc8 19. Rxc8+ Bxc8 20. Rc1 Kd7 21. h3 Ba6 22. Rc3 Rc8 23. Re3 Rc1+ 24. Kh2 h6 25. Nd4 Bc5 26. b4 Bxd4 0

[Event "Torneo Nuevo Centro. Jornada 11"]
[Site "Chess.com"]
[Date "2020.08.28"]
[Round "7"]
[White "Méndez Giménez , Néstor Emmanuel"]
[Black "Gukasov, Artem"]
[Result "0-1"]
[WhiteElo "1236"]
[BlackElo "1445"]
[TimeControl "180+2"]
[EndTime "11:40:40 PDT"]
[Termination "Victoria de ArtemGukasov por jaque mate"]

1. e4 e6 2. d4 d5 3. e5 c5 4. c3 Nc6 5. Nf3 Qb6 6. Bd3 Nge7 7. O-O Ng6 8. b4 cxb4 9. cxb4 Bxb4 10. Ba3 Bxa3 11.
Nxa3 O-O 12. Rb1 Qa5 13. Bxg6 hxg6 14. Nc2 Qxa2 15. Ra1 Qc4 16. Na3 Qa6 17. Qd3 Qxd3 18. Rfd1 Qf5 19. Nh4 Qg5 20. g3 a5 21. Nb5 Bd7 22.
Nc7 Rac8 23. Nb5 b6 24. Nd6 Rc7 25. Rab1 Nb4 26. Rdc1 Rxc1+ 27. Rxc1 Qxc1+ 28. Kg2 Qd2 29. Nf3 Qc2 30. h4 Nd3 31. Kh3 Nxf2+ 32. Kg2 Ne4+ 33. Kf1 Qf2# 0

[Event "Torneo Nuevo Centro. Jornada 11"]
[Site "Chess.com"]
[Date "2020.08.28"]
[Round "7"]
[White "Zamora Soler, Raul"]
[Black "Rabbani Perez, Oumaima "]
[Result "1-0"]
[WhiteElo "1858"]
[BlackElo "724"]
[TimeControl "180+2"]
[EndTime "11:41:05 PDT"]
[Termination "Victoria de rzamora80 por jaque mate"]

1. e4 e6 2. d4 Bb4+ 3. c3 Be7 4. Bd3 d5 5. e5 Bh4 6. Nf3 Bxf2+ 7. Kxf2 Nf6 8. h3 Nh5 9. g4 Nf4 10. Bxf4 Bd7 11.
Rf1 Nc6 12. Bg5 Nxd4 13. Bxd8 Rxd8 14. cxd4 Bb5 15. Bxb5+ c6 16. Bd3 b5 17. a4 b4 18.
Qb3 Rb8 19. a5 h6 20. a6 O-O 21. Ra5 Rfc8 22. Rc1 c5 23. Raxc5 Rf8 24. Rc7 f5 25. exf6 gxf6 26. Kg3 f5 27. gxf5 exf5 28. Qxd5+ Kh8 29. Qe5+ Kg8 30. Qg7# 1

[Event "Torneo Nuevo Centro. Jornada 11"]
[Site "Chess.com"]
[Date "2020.08.28"]
[Round "7"]
[White "Pardo Ruiz, Carlos"]
[Black "Castellano López, Javier"]
[Result "0-1"]
[WhiteElo "1700"]
[BlackElo "1933"]
[TimeControl "180+2"]
[EndTime "11:41:06 PDT"]
[Termination "Victoria de its_xavi_official por jaque mate"]

1. e4 d5 2. exd5 Qxd5 3. Nc3 Qa5 4. d4 c6 5. Bd2 Nf6 6. Bc4 Bg4 7. f3 Bf5 8. Nge2 Qc7 9. Bf4 Qd8 10. O-O e6 11. Ng3 Bg6 12. Re1 Bd6 13. Bxd6 Qxd6 14. Qd2 O-O 15.
Rad1 Nbd7 16. Nce4 Nxe4 17. fxe4 Nb6 18. Bb3 Rfd8 19. e5 Qe7 20. c3 c5 21. Qf4 c4 22.
Bxc4 Nxc4 23. b3 Nb2 24. Rd2 Nd3 25. Rxd3 Bxd3 26. Qg4 Rac8 27. Nh5 Bg6 28. c4 Bxh5 29. Qxh5 Rxd4 30. h3 Rcd8 31. Kh1 Qd7 32. Qf3 Rd1 33. Qe2 Rxe1+ 34. Qxe1 Qd1 35. Qxd1 Rxd1+ 36. Kh2 Rd2 37. a4 Rb2 38. c5 Rxb3 39. a5 Rb5 40.
a6 bxa6 41. c6 Rc5 42. c7 Rxc7 43. g4 a5 44. Kg3 a4 45. Kh4 a3 46. Kh5 a2 47. h4 a1=Q 48. g5 Qxe5 49. Kg4 Rc4+ 50.
Kh3 Qf5+ 51. Kg3 Qd3+ 52. Kf2 Rc2+ 53. Ke1 Qd2+ 54. Kf1 Qf2# 0

[Event "Torneo Nuevo Centro. Jornada 11"]
[Site "Chess.com"]
[Date "2020.08.28"]
[Round "7"]
[White "Carbonell Sancho, Marc"]
[Black "Luque Saiz, Andrés"]
[Result "1-0"]
[WhiteElo "2002"]
[BlackElo "2047"]
[TimeControl "180+2"]
[EndTime "11:41:27 PDT"]
[Termination "Victoria de AkaliGOD por jaque mate"]

1. e4 c6 2. d4 d5 3. Nc3 dxe4 4. Nxe4 Nf6 5. Nxf6+ exf6 6. c3 Bd6 7. Bd3 O-O 8.
Qc2 Re8+ 9. Ne2 h5 10. Be3 Nd7 11. O-O-O Nf8 12. Nf4 Bxf4 13. Bxf4 Be6 14. Kb1 b5 15. h3 a5 16. g4 h4 17. Rhg1 g6 18.
g5 f5 19. f3 Qd5 20. b3 a4 21. b4 a3 22. Qf2 Nd7 23. Rd2 Nb6 24. Qxh4 Na4 25. Be5 Nxc3+ 26. Ka1 Kf8 27. Bf6 Qxf3 28. Qh8# 1

[Event "Torneo Nuevo Centro. Jornada 11"]
[Site "Chess.com"]
[Date "2020.08.28"]
[Round "7"]
[White "Marques Montolio, Luis"]
[Black "Rodriguez Rodriguez, Joan David "]
[Result "0-1"]
[WhiteElo "1484"]
[BlackElo "1785"]
[TimeControl "180+2"]
[EndTime "11:41:58 PDT"]
[Termination "Victoria de Not_Jr_chess por abandono"]

1. e4 d6 2. d4 Nf6 3. Nc3 Nbd7 4. Bd3 e5 5. d5 Be7 6. Bg5 c6 7. Qd2 h6 8. Bh4 g5 9. Bg3 Qc7 10. h4 g4 11. f3 h5 12. f4 exf4 13. Bxf4 Nf8 14.
O-O-O Ng6 15. Bg3 Bd7 16. Nge2 O-O-O 17. dxc6 Bxc6 18. Nd5 Nxd5 19. exd5 Bxd5 20. Bf5+ Be6 21. Bxe6+ fxe6 22. Nd4 Qd7 23. Rhe1 Bf8 24. Nxe6 Bh6 25. Bf4 Nxf4 26. Qc3+ Kb8 27. Nxd8 Nd5+ 28. Kb1 Nxc3+ 29. bxc3 0

[Event "Torneo Nuevo Centro. Jornada 11"]
[Site "Chess.com"]
[Date "2020.08.28"]
[Round "7"]
[White "Bendayán Claros, Aaron"]
[Black "Montesinos Diaz, Luis"]
[Result "0-1"]
[WhiteElo "1978"]
[BlackElo "1900"]
[TimeControl "180+2"]
[EndTime "11:42:27 PDT"]
[Termination "Victoria de Gwiso_06 por tiempo"]

1. d4 d5 2. e3 Nf6 3. Bd3 c5 4. c3 Nc6 5. f4 Bg4 6. Nf3 e6 7. Nbd2 cxd4 8. exd4 Bd6 9. g3 h5 10. Qb3 Qc7 11. Kf2 h4 12. Nxh4 Rxh4 13. gxh4 Bxf4 14. h3 Bh5 15. Kg2 e5 16. dxe5 Qxe5 17. Nf3 Bxf3+ 18. Kxf3 Bh2 19. Rxh2 Qxh2 20. Bf4 Qxh3+ 21.
Bg3 Ne5+ 0

[Event "Torneo Nuevo Centro. Jornada 11"]
[Site "Chess.com"]
[Date "2020.08.28"]
[Round "7"]
[White "Echeverria, Nestor"]
[Black "Yatseta Fernandez, Marc Kazymyr"]
[Result "0-1"]
[WhiteElo "1946"]
[BlackElo "1520"]
[TimeControl "180+2"]
[EndTime "11:42:40 PDT"]
[Termination "Victoria de K_73 por tiempo"]

1. e4 e5 2. Nf3 Nc6 3. Bc4 Bc5 4.
b4 Bxb4 5. c3 Ba5 6. d4 d6 7. O-O Nf6 8. dxe5 Nxe5 9. Nxe5 dxe5 10. Qxd8+ Kxd8 11. Bxf7 Nxe4 12. Re1 Nxc3 13. Bg5+ Kd7 14.
Nxc3 Bxc3 15. Red1+ Bd4 16. Rac1 b6 17. Bd5 Rb8 18.
Bc6+ Kd6 19. Bf4 Ke6 20. Bg3 Bb7 21. Ba4 c5 22. Bb3+ Bd5 23. Bc2 g6 24. a4 Rhf8 25.
Kf1 Bc4+ 26. Kg1 Bd5 27. Re1 Kd6 28. Rcd1 a6 0

[Event "Torneo Nuevo Centro. Jornada 11"]
[Site "Chess.com"]
[Date "2020.08.28"]
[Round "7"]
[White "Bascuñana Sánchez, Pablo"]
[Black "Bosch Jordà, Ricard"]
[Result "0-1"]
[WhiteElo "1671"]
[BlackElo "1910"]
[TimeControl "180+2"]
[EndTime "11:43:03 PDT"]
[Termination "Victoria de UltimateLimo por jaque mate"]

1. e4 c5 2. Nf3 Nc6 3. d4 cxd4 4. Nxd4 g6 5. Nc3 Bg7 6. Be3 Nf6 7. Bc4 Qa5 8. O-O O-O 9. Qd2 a6 10. Nxc6 dxc6 11.
Nd5 Qxd2 12. Nxe7+ Kh8 13. Bxd2 Nxe4 14. Bb4 c5 15. Ba3 b5 16. Bd5 Bb7 17. Bxb7 Ra7 18.
Bxe4 Rxe7 19. Bf3 b4 20. Bxb4 cxb4 21. Rab1 Rc7 22. Be4 Re8 23. Bd3 a5 24. a3 Rb8 25.
axb4 Rxb4 26. c3 Rb8 27. b4 Bxc3 28. bxa5 Rxb1 29. Rxb1 Bxa5 30. g3 Rc3 31. Be4 Bc7 32. Kg2 Be5 33. f4 Bd4 34. Rd1 Bb6 35. Kh3 Re3 36. Bd5 f5 37. Kh4 Re2 38. h3 Bd8# 0

[Event "Torneo Nuevo Centro. Jornada 11"]
[Site "Chess.com"]
[Date "2020.08.28"]
[Round "7"]
[White "Martin Ayala, David"]
[Black "Fernández Martin, Carlos"]
[Result "1-0"]
[WhiteElo "1900"]
[BlackElo "1777"]
[TimeControl "180+2"]
[EndTime "11:43:04 PDT"]
[Termination "Victoria de martinayala por jaque mate"]

1. e4 c5 2. Nc3 d6 3. f4 Nc6 4.
Nf3 a6 5. a4 e6 6. Bc4 Be7 7.
O-O Nf6 8. Qe1 d5 9. Bb3 c4 10. Ba2 d4 11. Nd1 Nb4 12. Bb1 d3 13. c3 Nc6 14. Ne3 Bc5 15. Kh1 Bxe3 16. Qxe3 Qc7 17. b4 Bd7 18. Ba3 b5 19. Ba2 Ng4 20. Qc5 Qxf4 21.
g3 Qb8 22. Qg5 h5 23. Qxg7 Ke7 24. Ng5 Rf8 25. Rxf7+ Rxf7 26. Qxf7+ Kd6 27. Bxc4 bxc4 28. b5+ Kc7 29. bxc6 Kxc6 30. Nxe6 Bxe6 31. Qxe6+ Kb7 32. Rb1+ Ka7 33. Bc5+ Qb6 34. Qxb6# 1

[Event "Torneo Nuevo Centro. Jornada 11"]
[Site "Chess.com"]
[Date "2020.08.28"]
[Round "7"]
[White "Kovacevic, Slobodan"]
[Black "Soliva Ruiz, Ramon"]
[Result "1-0"]
[WhiteElo "2224"]
[BlackElo "1517"]
[TimeControl "180+2"]
[EndTime "11:43:16 PDT"]
[Termination "Victoria de nikko110 por tiempo"]

1. d4 Nf6 2. Nf3 e6 3. Bf4 d6 4. Nbd2 Be7 5. h3 Nbd7 6. e3 b6 7. c3 Bb7 8. Be2 c5 9. O-O O-O 10. a4 cxd4 11. exd4 Rc8 12. Bh2 Ne4 13. Nc4 d5 14.
Ne3 Bd6 15. Ne5 Nxe5 16. dxe5 Be7 17. Bd3 Nc5 18. Bc2 a5 19. Ng4 h5 20. Ne3 g6 21.
f3 Kg7 22. Qd4 f6 23. Kh1 fxe5 24. Bxe5+ Bf6 25. Rfe1 Bxe5 26. Qxe5+ Qf6 27. Qxf6+ Rxf6 28. Kg1 Re8 29. b4 axb4 30. cxb4 Nd7 31. a5 bxa5 32. Rxa5 Ne5 33. Ra7 Re7 34. Rc1 Nc6 35. Ra4 Nd4 36. Bd1 e5 37. Ra5 1